 Dungeon Sprint DCSS version 0.19-a0-1920-g83281cb (webtiles) character file.

737 LORDOFBUTT the Blocker (level 8, -3/58 HPs)
             Began as a Formicid Fighter on Oct 24, 2016.
             Was an Initiate of Gozag.
             Slain by a brown ugly thing (12 damage)
             ... in the Dungeon (Sprint IX: "|||||||||||||||||||||||||||||").
             The game lasted 00:02:04 (399 turns).

LORDOFBUTT the Blocker (Formicid Fighter)            Turns: 399, Time: 00:02:04

Health: -3/58      AC:  4    Str: 24    XL:     8   Next: 4%
Magic:  2/13       EV:  8    Int: 11    God:    Gozag
Gold:   639        SH: 13    Dex: 12    Spells: 0 memorised, 7 levels left

rFire  . . .     SeeInvis +     q - +1 broad axe (freeze)
rCold  . . .     Gourm    .     u - +1 chain mail
rNeg   . . .     Faith    .     c - +0 shield
rPois  .         Spirit   .     (helmet unavailable)
rElec  .         Reflect  .     s - +0 cloak
rCorr  .         Harm     .     t - +0 pair of gloves
MR     .....                    (no boots)
Stlth  ..........               (no amulet)
                                v - +3 ring of strength
                                b - +3 ring of intelligence

@: corroded
A: permanent stasis, dig shafts and tunnels, four strong arms, antennae 3
a: Dig, Potion Petition, Call Merchant, Bribe Branch, Renounce Religion


You were in the Dungeon.
You worshipped Gozag.
Gozag was pleased with you.
You were not hungry.

You visited 1 branch You collected 639 gold pieces.

Inventory:

Hand Weapons
 a - a +0 war axe
 q - a +1 broad axe of freezing (weapon)
 r - a +2 dire flail of protection
Armour
 c - a +0 shield (worn)
 s - a +0 cloak (worn)
 t - a +0 pair of gloves (worn)
 u - a +1 chain mail (worn)
Jewellery
 b - a +3 ring of intelligence (left hand)
 v - a +3 ring of strength (right hand)
Wands
 p - a wand of iceblast (7/15)
Scrolls
 k - 2 scrolls of blinking
 n - 3 scrolls of remove curse
 o - 2 scrolls of amnesia
Potions
 d - a potion of might
 e - 5 potions of curing
 h - a potion of haste
 i - 4 potions of magic
 j - a potion of berserk rage
 m - a potion of invisibility
Comestibles
 f - a bread ration


   Skills:
 - Level 3.2 Fighting
 * Level 10.7 Axes
 - Level 3.2 Armour
 * Level 12.7 Shields
 + Level 7.5 Evocations


You had 7 spell levels left.
You didn't know any spells.

Dungeon Overview and Level Annotations

Branches:
Dungeon (1/1)

Altars:
Cheibriados
Dithmenos
Elyvilon
Fedhas
Gozag
Hepliaklqana
Kikubaaqudgha
Makhleb
Nemelex Xobeh
Okawaru
Qazlal
Ru
Sif Muna
Trog
Uskayaw
Vehumet
Xom
Yredelemnul
Zin
The Shining One
Beogh
Jiyva
Lugonu


Innate Abilities, Weirdness & Mutations

You are under a permanent stasis effect.
You can dig through walls and to a lower floor.
Your four strong arms can wield two-handed weapons with a shield.
You have a pair of large antennae on your head. (SInv)


Message History

The brown ugly thing is severely wounded.
You block the brown ugly thing's attack.
You feel much better. The brown ugly thing misses you.
You hit the brown ugly thing. You freeze the brown ugly thing.
The brown ugly thing is severely wounded.
You block the brown ugly thing's attack.
You slash the brown ugly thing! You freeze the brown ugly thing.
The brown ugly thing is almost dead.
The brown ugly thing stings you but does no damage.
You hit the brown ugly thing but do no damage.
The brown ugly thing is almost dead.
The brown ugly thing stings you!
* * * LOW HITPOINT WARNING * * *
The acid corrodes you!
You are splashed with acid!
The acid burns!
* * * LOW HITPOINT WARNING * * *
You hit the brown ugly thing but do no damage.
The brown ugly thing is almost dead.
The brown ugly thing stings you!
You die...
Your body crumbles into a pile of gold.

▓+▓
▓.▓
▓.▓
▓.▓
▓Y▓
▓o▓
▓u▓
▓@▓
$
▓.▓
$
▓.▓
$
▓.▓
$
▓.▓
$
▓.▓
▓)▓
$ $
▓'▓
▓.▓


You could see a brown ugly thing, an orc warrior and an ice beast.

Vanquished Creatures
  A troll (D)
  An ice beast (D)
  A sky beast (D)
  An orc warrior (D)
  An eye of draining (D)
  A bullfrog (D)
  A crimson imp (D)
  A jelly (D)
  A worker ant (D)
  An adder skeleton (D)
  3 orcs (D)
  A ball python (D)
  A bat (D)
  A goblin (D)
  A kobold (D)
  A quokka zombie (D)
  A rat (D)
19 creatures vanquished.

Notes
Turn   | Place    | Note
-------+----------+-------------------------------------------
     0 | D        | LORDOFBUTT the Formicid Fighter began the quest for the Orb.
     0 | D        | Reached XP level 1. HP: 18/18 MP: 1/1
     7 | D        | Reached skill level 4 in Shields
    30 | D        | Reached XP level 2. HP: 20/24 MP: 2/2
    31 | D        | Reached skill level 5 in Shields
    59 | D        | Found a roughly hewn altar of Beogh.
    59 | D        | Found a snail-covered altar of Cheibriados.
    59 | D        | Found a shadowy altar of Dithmenos.
    59 | D        | Found a white marble altar of Elyvilon.
    59 | D        | Found a blossoming altar of Fedhas.
    59 | D        | Found an opulent altar of Gozag.
    60 | D        | Found a hazy altar of Hepliaklqana.
    61 | D        | Found a viscous altar of Jiyva.
    62 | D        | Found an ancient bone altar of Kikubaaqudgha.
    63 | D        | Found a corrupted altar of Lugonu.
    64 | D        | Found a burning altar of Makhleb.
    65 | D        | Found a sparkling altar of Nemelex Xobeh.
    66 | D        | Found an iron altar of Okawaru.
    67 | D        | Became a worshipper of Gozag Ym Sagoz the Greedy
    68 | D        | Found a stormy altar of Qazlal.
    69 | D        | Found a sacrificial altar of Ru.
    70 | D        | Found a deep blue altar of Sif Muna.
    71 | D        | Found a bloodstained altar of Trog.
    72 | D        | Found a hide-covered altar of Uskayaw.
    73 | D        | Found a radiant altar of Vehumet.
    74 | D        | Found a shimmering altar of Xom.
    75 | D        | Found a basalt altar of Yredelemnul.
    76 | D        | Found a glowing silver altar of Zin.
    77 | D        | Found a glowing golden altar of the Shining One.
   137 | D        | Noticed a sky beast
   137 | D        | Noticed an orc warrior
   137 | D        | Noticed a bullfrog
   137 | D        | Noticed a troll
   137 | D        | Noticed an ice beast
   137 | D        | Noticed a crimson imp
   143 | D        | Killed a crimson imp
   143 | D        | Reached skill level 5 in Axes
   143 | D        | Reached skill level 6 in Shields
   143 | D        | Reached XP level 3. HP: 27/29 MP: 2/4
   143 | D        | Reached XP level 4. HP: 33/35 MP: 2/5
   149 | D        | Killed an ice beast
   149 | D        | Reached skill level 8 in Shields
   149 | D        | Reached XP level 5. HP: 40/41 MP: 2/8
   156 | D        | Killed a troll
   156 | D        | Reached skill level 11 in Shields
   156 | D        | Reached XP level 6. HP: 35/47 MP: 3/10
   160 | D        | Reached XP level 7. HP: 34/52 MP: 4/11
   180 | D        | HP: 2/52 [sky beast (5)]
   182 | D        | Reached skill level 10 in Axes
   182 | D        | Reached skill level 12 in Shields
   360 | D        | Noticed a brown ugly thing
   382 | D        | Reached XP level 8. HP: 47/58 MP: 0/13
   399 | D        | Slain by a brown ugly thing

Vault maps used:
D:        linesprint

Skill      XL: |  1  2  3  4  5  6  7 |
---------------+----------------------+-----
Shields        | 4 6 8 11 12 | 12.7
Axes           | 3 5 6 9 10 | 10.7
Evocations     | 2 4 6 7 |  7.5
Fighting       | |  3.2
Armour         | |  3.2

Action                   |  1- 3 |  4- 6 |  7- 9 || total
-------------------------+-------+-------+-------++-------
Melee: War axe           |    34 |       |       ||    34
       Broad axe         |     6 |    16 |    56 ||    78
  Use: Potion            |       |     1 |     2 ||     3
 Stab: Distracted        |       |       |     1 ||     1
Armor: Scale mail        |    13 |       |       ||    13
       Chain mail        |     1 |     8 |     8 ||    17
Dodge: Dodged            |     9 |     7 |    10 ||    26
Block: Shield            |    17 |     9 |    23 ||    49
